 Dungeon Crawl Stone Soup version 0.18-a0-987-g0b0e4e7 (webtiles) character file.

97 Jmtri7 the Poker (level 4, 0/38 HPs)
             Began as a Merfolk Gladiator on Jan 3, 2016.
             Was an Initiate of Nemelex Xobeh.
             Slain by a killer bee (6 damage)
             ... summoned by the player character
             ... on level 2 of the Dungeon.
             The game lasted 00:06:08 (1464 turns).

Jmtri7 the Poker (Merfolk Gladiator)                Turns: 1464, Time: 00:06:11

Health: 0/38       AC:  4    Str: 15    XL:     4   Next: 68%
Magic:  4/4        EV: 13    Int:  7    God:    Nemelex Xobeh [......]
Gold:   72         SH:  0    Dex: 15    Spells: 0 memorised, 3 levels left

rFire  . . .     SeeInvis .     a - +0 trident
rCold  . . .     Gourm    .     b - +0 leather armour
rNeg   . . .     Faith    .     (no shield)
rPois  .         Spirit   .     c - +0 helmet
rElec  .         Dismiss  .     (no cloak)
rCorr  .         Reflect  .     (no gloves)
SustAt .         Harm     .     (no boots)
MR     +....                    (no amulet)
Stlth  +.........               (no ring)
                                l - ring of protection from magic

@: lethally poisoned (0 -> -3), somewhat resistant to hostile enchantments, very
unstealthy
A: change form in water, swift swim
a: Renounce Religion


You were on level 2 of the Dungeon.
You worshipped Nemelex Xobeh.
Nemelex Xobeh was noncommittal.
You were near starving.

You visited 1 branch of the dungeon, and saw 2 of its levels.

You collected 72 gold pieces.

Inventory:

Hand Weapons
 a - a +0 trident (weapon)
Missiles
 d - 3 throwing nets (quivered)
Armour
 b - a +0 leather armour (worn)
 c - a +0 helmet (worn)
Jewellery
 l - a ring of protection from magic (left hand)
 m - an uncursed ring of wizardry
 q - an uncursed ring of fire
Scrolls
 g - a scroll of fog {unknown}
 n - a scroll of random uselessness {unknown}
 o - a scroll of immolation {unknown}
 p - 2 scrolls of identify {unknown}
Potions
 e - a potion of degeneration {unknown}
 h - 2 potions of curing {unknown}
 i - a potion of cancellation {unknown}
Miscellaneous
 j - a plain deck of summoning {drawn: 4}
 k - a plain deck of war
Comestibles
 f - a bread ration
 r - a royal jelly


   Skills:
 * Level 4.5 Fighting
 + Level 5.5 Polearms
 - Level 2.0 Throwing
 - Level 4.0 Dodging


You had 3 spell levels left.
You didn't know any spells.

Dungeon Overview and Level Annotations

Branches:
Dungeon (2/15)

Altars:
Nemelex Xobeh

Annotations:
D:2 Natasha


Message History

You hit the bat.
You kill the bat!
You see here a bat corpse.
You draw a card...
It is Foxfire.
Natasha casts a spell at you. You resist with almost no effort.
The killer bee stings you.
You are poisoned.
The killer bee poisons you!
Your killer bee misses the killer bee.
The killer bee closely misses you.
Your killer bee barely misses the killer bee.
You miss the killer bee.
You feel sick. The killer bee closely misses you.
Your killer bee closely misses the killer bee.
Natasha stares at you and mumbles some strange words.
The magic dart hits you!
* * * LOW HITPOINT WARNING * * *
Your killer bee closely misses the killer bee.
The killer bee stings you.
You die...
Your body disappears without a glow.

#.# #.# #.# #.# #.# ..# #.#
#.# #.# #.# ..# #.# #.#
#.## #.# ..# #.# #.# #..#
#.# ..###.#####)# #####
##.# #.# .........##.# #<..
.># #.#
.........##.####.######..#
#.#
................yy...##..#
#.#
.........#..####@###.##.$##
#.# ............#
#h.........# #.#
.........#.## #..##.##...#
#.# ..........##
#..#...#...# #.#
.........## ###..$.†.....#
#.# .........#
#............# #.#
####.###.#
#.##......#.#.###.# #.# #.#
#.##.#...#.###.b..# #.# #.#
#>##.##.##..#.#####


You could see a killer bee, Natasha and a friendly killer bee.

Vanquished Creatures
  Jessica (D:2)
  An adder (D:2)
  2 giant geckos
  4 bats
  5 hobgoblins
  3 kobolds (D:1)
  A quokka (D:2)
  2 giant newts (D:1)
  4 goblins
  5 rats
28 creatures vanquished.

Vanquished Creatures (collateral kills)
  Natasha (twice) (D:2)
  A giant gecko (D:1)
  A giant newt (D:2)
4 creatures vanquished.

Grand Total: 32 creatures vanquished

Notes
Turn   | Place    | Note
--------------------------------------------------------------
     0 | D:1      | Jmtri7 the Merfolk Gladiator began the quest for the Orb.
     0 | D:1      | Reached XP level 1. HP: 16/16 MP: 1/1
   362 | D:1      | Found a sparkling altar of Nemelex Xobeh.
   402 | D:1      | Became a worshipper of Nemelex Xobeh the Trickster
   423 | D:1      | Received a gift from Nemelex Xobeh
   431 | D:1      | Reached XP level 2. HP: 23/23 MP: 2/2
   441 | D:2      | Noticed Natasha
   718 | D:2      | Killed Natasha
   718 | D:2      | Reached skill level 5 in Polearms
   718 | D:2      | Reached XP level 3. HP: 13/29 MP: 3/3
  1155 | D:2      | Noticed Jessica
  1177 | D:2      | Killed Jessica
  1177 | D:2      | Reached XP level 4. HP: 28/37 MP: 4/4
  1371 | D:2      | Noticed Natasha
  1400 | D:2      | Killed Natasha
  1459 | D:2      | Noticed Natasha
  1464 | D:2      | Slain by a killer bee

Vault maps used:
D:1:      dpeg_arrival_rooms_with_view, nemelex_deck
D:2:      nemelex_diamond_rough_becter, uniq_jessica, uniq_natasha

Action                   |  1- 3 |  4- 6 || total
-------------------------+-------+-------++-------
Melee: Trident           |    70 |    34 ||   104
Evoke: Deck              |     2 |     2 ||     4
 Stab: Sleeping          |       |     1 ||     1
